 Dungeon Crawl Stone Soup version 0.31-a0-848-gaac375c287 (webtiles) character file.

Game seed: 728620576788385836

16 Kurtz the Sneak (level 2, -2/24 HPs)
             Began as a Mummy Delver on Oct 4, 2023.
             Was an Initiate of Ashenzari.
             Slain by a worm (8 damage)
             ... on level 4 of the Dungeon.
             The game lasted 00:00:31 (270 turns).

Kurtz the Sneak (Mummy Delver)                       Turns: 270, Time: 00:00:32

Health: -2/24      AC:  3    Str: 15    XL:     2   Next: 37%
Magic:  2/2        EV: 11    Int:  9    God:    Ashenzari [......]
Gold:   0          SH:  0    Dex: 13    Spells: 1/1 levels left

rFire   x . .        a - +0 hand axe
rCold   + . .        (no shield)
rNeg    + + +        b - +0 leather armour
rPois   ∞            (no helmet)
rElec   .            (no cloak)
rCorr   .            (no gloves)
SInv    .            (no boots)
Will    .....        (no amulet)
Stlth   ++           (no ring)
HPRegen 0.24/turn    (no ring)
MPRegen 0.08/turn

%: faith
@: no status effects
A: cold resistance 1, negative energy resistance 3, torment resistance 2, heat
vulnerability 1, in touch with death 1, no potions, faith
a: Renounce Religion


You were on level 4 of the Dungeon.
You worshipped Ashenzari.
Ashenzari was noncommittal.
You visited 1 branch of the dungeon, and saw 2 of its levels.

Inventory:

Hand Weapons
 a - a +0 hand axe (weapon)
Armour
 b - a +0 leather armour (worn)
Wands
 f - a wand of digging (3)
Scrolls
 c - a scroll of fog
 d - a scroll of revelation
 e - a scroll of fear


   Skills:
 - Level 3.0 Fighting
 * Level 2.5 Axes
 - Level 1.5 Dodging
 - Level 4.1 Stealth


You had one spell level left.
You didn't know any spells.
Your spell library was empty.

Dungeon Overview and Level Annotations

Branches:
Dungeon (5/15)
 Temple: D:4-7

Altars:
Ashenzari


Innate Abilities, Weirdness & Mutations

You are immune to poison.
Your flesh is cold resistant. (rC+)
You are immune to negative energy. (rN+++)
You are immune to unholy pain and torment.
You are vulnerable to heat. (rF-)
You are in touch with the powers of death.
You do not drink.
You have a special connection with the divine. (Faith)


Message History

You see here a jackal corpse.
You start resting.
HP restored.
You see here a jackal corpse.
Found 5 gold pieces.
The ball python bites you. The ball python closely misses you.
A worm comes into view.
You barely miss the ball python.
The ball python bites you but does no damage.
The ball python grabs you. The ball python constricts you.
The ball python bites you but does no damage.
The ball python constricts you.
You hit the ball python.
The ball python is heavily wounded.
The ball python bites you but does no damage.
The ball python constricts you.
You hit the ball python.
You kill the ball python!
Found 7 gold pieces.
You barely miss the worm. You barely miss the worm. You punch the worm.
The worm is lightly wounded.
The worm bites you.
You hit the worm.
The worm is lightly wounded.
The worm misses you.
You hit the worm but do no damage.
The worm is lightly wounded.
You hit the worm.
The worm is moderately wounded.
The worm bites you!
You hit the worm.
The worm is moderately wounded.
The worm bites you!
* * * LOW HITPOINT WARNING * * *
You are too injured to fight recklessly!
You hit the worm.
The worm is moderately wounded.
The worm bites you!
You die...

.....#....#
#.........######
#.#............#########
..#..........$.##......#
..#............##......#
..#......^.....##......#
#..............##..$...#
#..............##......##
...............w@........
..#............##......##
.##.....#.#######........
. #.....#.# #......##
#.......# #......#
#...... ########


You could see a worm.

Vanquished Creatures
  An adder (D:4)
  A ball python (D:4)
  3 jackals (D:4)
  A kobold (D:4)
6 creatures vanquished.

Notes
Turn   | Place    | Note
-------+----------+-------------------------------------------
     0 | D:5      | Kurtz the Mummy Delver began the quest for the Orb.
     0 | D:5      | Reached XP level 1. HP: 18/18 MP: 1/1
    61 | D:5      | Found a broken altar of Ashenzari.
    81 | D:5      | Noticed a phantom
    81 | D:5      | Noticed a hornet
    82 | D:5      | Noticed an iguana
    83 | D:5      | Became a worshipper of Ashenzari the Shackled
   104 | D:4      | Reached XP level 2. HP: 10/24 MP: 2/2
   270 | D:4      | Slain by a worm

Illustrated notes

Levels and vault maps discovered:
D:4:      layout_basic, cheibrodos_gnoll_hut
D:5:      cheibrodos_iron_armory, layout_layer_cave, ashenzari_altar_1,
          uniq_blork_the_orc

Skill      XL: |  1 |
---------------+----+-----
Axes           | 2 |  2.5
Fighting       | |  3.0
Dodging        | |  1.5
Stealth        | |  4.1

Action                     || total
---------------------------++-------
  Melee: Hand axe          ||    39
         Punch             ||     1
 Armour: Leather armour    ||    36
  Dodge: Dodged            ||    25

Table legend: (Time is in decaauts)
 A = Elapsed time spent in this place.
 B = Non-inter-level travel time spent in this place.
 C = Inter-level travel time spent in this place.
 D = Time resting spent in this place.
 E = Time spent auto-exploring this place.
 F = Levels seen in this place.
 G = Mean time per level.
                   A        B        C        D        E       F      G
               +--------+--------+--------+--------+--------+-----+--------+
         Total |    277 |    277 |      0 |     85 |     61 |   2 |  138.5 |
       Dungeon |    277 |    277 |      0 |     85 |     61 |   2 |  138.5 |
               +--------+--------+--------+--------+--------+-----+--------+

Top non-repeatable levels by time:
     D:4: 179 daAuts
     D:5: 98 daAuts
